 Dungeon Crawl Stone Soup version 0.30.0-16-gbe6223bb7e (webtiles) character file.

Game seed: 13577880382702690245

3719 monsoonserge the Cudgeller (level 10, -1/86 HPs)
             Began as a Ghoul Cinder Acolyte on May 21, 2023.
             Was a High Priest of Ignis.
             Slain by a two-headed ogre
             ... wielding a +0 giant spiked club
              (10 damage)
             ... on level 9 of the Dungeon.
             The game lasted 00:21:38 (8511 turns).

monsoonserge the Cudgeller (Ghoul Cinder Acolyte)   Turns: 8511, Time: 00:21:39

Health: -1/86      AC: 17    Str: 23    XL:     10   Next: 14%
Magic:  10/10      EV:  7    Int:  9    God:    Ignis [*****.]
Gold:   474        SH:  0    Dex:  4    Spells: 11/11 levels left

rFire   + . .        L - +3 dire flail (freeze)
rCold   + . .        (shield currently unavailable)
rNeg    + + +        w - +0 plate armour
rPois   ∞            (no helmet)
rElec   .            K - +1 cloak
rCorr   .            (no gloves)
SInv    .            A - +1 pair of boots
Will    .....        (no amulet) Stlth
                     (no ring)
HPRegen 0.00/turn    (no ring)
MPRegen 0.12/turn

%: no passive effects
@: inhibited regen
A: claws 1, cold resistance 1, negative energy resistance 3, inhibited
regeneration, torment resistance 2, devour on kill
a: Renounce Religion, Fiery Armour, Foxfire Swarm, Rising Flame


You were on level 9 of the Dungeon.
You worshipped Ignis.
Ignis was extremely pleased with you.
You visited 2 branches of the dungeon, and saw 10 of its levels.

You collected 474 gold pieces.

Inventory:

Hand Weapons
 y - the +6 whip "Feyppet" {drain, Fly rC+++}
   (You found it on level 4 of the Dungeon)

   rC:        It renders you almost immune to cold.
   Fly:       It grants you flight.
 G - a +1 morningstar of protection
 J - a +2 quarterstaff of chaos
 L - a +3 dire flail of freezing (weapon)
Missiles
 c - 52 stones
 k - 9 boomerangs (quivered)
 E - 9 poisoned darts
Armour
 w - a +0 plate armour (worn)
 A - a +1 pair of boots (worn)
 K - a +1 cloak (worn)
Magical Staves
 d - a staff of death
 r - a staff of poison
Wands
 s - a wand of digging (3)
 u - a wand of iceblast (14)
 F - a wand of polymorph (11)
 N - a wand of light (5)
Scrolls
 a - 8 scrolls of identify {unknown}
 e - 6 scrolls of fear {unknown}
 g - 3 scrolls of noise {unknown}
 h - a scroll of butterflies {unknown}
 i - 2 scrolls of amnesia {unknown}
 l - 3 scrolls of enchant weapon {unknown}
 o - a scroll of torment {unknown}
 v - a scroll of brand weapon {unknown}
 x - 2 scrolls of immolation {unknown}
 z - a scroll of vulnerability {unknown}
 C - a scroll of blinking {unknown}
 H - 4 scrolls of teleportation {unknown}
 I - 2 scrolls of enchant armour {unknown}
 M - a scroll of fog {unknown}
Potions
 b - a potion of flight {unknown}
 f - 2 potions of invisibility {unknown}
 j - 5 potions of curing
 m - 5 potions of might {unknown}
 n - 2 potions of haste {unknown}
 p - 2 potions of heal wounds {unknown}
 q - a potion of resistance {unknown}
 t - 4 potions of mutation {unknown}
 B - 3 potions of cancellation {unknown}
 D - 2 potions of berserk rage {unknown}
 O - a potion of brilliance {unknown}
 P - a potion of ambrosia {unknown}
 Q - a potion of degeneration {unknown}


   Skills:
 + Level 7.4 Fighting
 + Level 7.5 Maces & Flails
 + Level 2.5 Throwing
 + Level 6.4 Armour
 + Level 1.2 Dodging
 + Level 1.0 Stealth
 + Level 6.3 Unarmed Combat
 + Level 1.0 Spellcasting
 + Level 2.6 Fire Magic
 * Level 2.0 Evocations


You had 11 spell levels left.
You didn't know any spells.
Your spell library contained the following spells:

 Spells                   Type           Power      Damage    Failure   Level
 Scorch                   Fire           10%        2d5       97%         2
 Dazzling Flash           Conj/Hex       0%         N/A       100%        3
 Portal Projectile        Hex/Tloc       0%         N/A       100%        3
 Tukima's Dance           Hex            0%         N/A       100%        3
 Agony                    Necr           0%         N/A       100%        5
 Silence                  Hex/Air        0%         N/A       100%        5
 Summon Hydra             Summ           0%         N/A       100%        7
 Sublimation of Blood     Necr           Unusable   N/A       N/A         2
 Wereblood                Tmut           Unusable   N/A       N/A         2
 Blade Hands              Tmut           Unusable   N/A       N/A         5

Dungeon Overview and Level Annotations

Branches:
Dungeon (9/15)             Temple (1/1) D:5
   Lair: D:8-11         Orc: D:9-12

Altars:
Ashenzari
Cheibriados
Dithmenos
Fedhas
Gozag
Hepliaklqana
Kikubaaqudgha
Makhleb
Nemelex Xobeh
Okawaru
Qazlal
Ru
Sif Muna
Trog
Uskayaw
Vehumet
Wu Jian
Xom
Yredelemnul

Shops:
D:3 =


Innate Abilities, Weirdness & Mutations

You are immune to poison.
You have sharp fingernails.
Your flesh is cold resistant. (rC+)
You are immune to negative energy. (rN+++)
You do not regenerate when monsters are visible.
You are immune to unholy pain and torment.
You thrive by killing the living.


Message History

The foxfire hits the two-headed ogre.
The two-headed ogre is lightly wounded.
The foxfire hits the troll.
The troll is severely wounded.
The foxfire hits the two-headed ogre but does no damage.
The two-headed ogre is lightly wounded.
The foxfire hits the two-headed ogre.
The two-headed ogre is moderately wounded.
The foxfire hits the troll but does no damage.
The troll is severely wounded.
The foxfire hits the two-headed ogre.
The two-headed ogre is moderately wounded.
The foxfire hits the troll but does no damage.
The troll is severely wounded.
The foxfire hits the two-headed ogre.
The two-headed ogre is moderately wounded.
The foxfire hits the two-headed ogre.
The two-headed ogre is heavily wounded.
The foxfire hits the two-headed ogre.
The two-headed ogre is heavily wounded.
The foxfire hits the two-headed ogre.
The two-headed ogre is heavily wounded.
The foxfire hits the two-headed ogre but does no damage.
The two-headed ogre is heavily wounded.
The foxfire hits the troll.
The troll is severely wounded.
The foxfire hits the two-headed ogre but does no damage.
The two-headed ogre is heavily wounded.
The foxfire hits the two-headed ogre.
The two-headed ogre is severely wounded.
The foxfire hits the two-headed ogre.
The two-headed ogre is severely wounded.
The foxfire hits the two-headed ogre.
The two-headed ogre is severely wounded.
The foxfire hits the two-headed ogre.
The two-headed ogre is severely wounded.
The two-headed ogre hits you with a +0 giant spiked club!
* * * LOW HITPOINT WARNING * * *
The two-headed ogre hits you with a +0 giant club!
You die...

...............##
................##
.................##
..................##
.........#........##
.......###........#
......#####.§§§§§.#
##.....###.§§§§§§.#
##......#..§§.@v.§#
##..........§vOTv.#
.........§.D...#
..............#
.............#
...........>#
............#
...!.......#


You could see a two-headed ogre (ally target), a troll (ally target) and a steam
dragon.

Vanquished Creatures
  A hornet (D:8)
  Grinder (D:6)
  A wyvern (D:8)
  Menkaure (D:6)
  4 black bears
  3 ice beasts (D:5)
  2 orc warriors
  A sky beast (D:7)
  2 ogres (D:5)
  A centaur (D:8)
  3 bullfrogs
  5 scorpions
  8 wights
  3 killer bees (D:7)
  2 hounds (D:5)
  2 jellies
  Crazy Yiuf (D:6)
  4 orc priests
  2 gnoll boudas (D:8)
  2 sleepcaps
  An iguana (D:7)
  3 orc wizards
  17 gnolls
  11 adders
  A white imp (D:6)
  3 ufetubi
  9 worms
  A dart slug (D:1)
  19 orcs
  6 endoplasms
  2 giant cockroaches (D:1)
  11 goblins
  4 hobgoblins
  A quokka (D:4)
  4 ball pythons
  5 bats
  5 frilled lizards (D:1)
  6 kobolds
  6 rats
164 creatures vanquished.

Vanquished Creatures (others)
  An orc wizard (D:8)
  18 foxfires (D:9)
19 creatures vanquished.

Grand Total: 183 creatures vanquished

Notes
Turn   | Place    | Note
-------+----------+-------------------------------------------
     0 | D:1      | monsoonserge the Ghoul Cinder Acolyte began the quest for
                  | the Orb.
     0 | D:1      | Reached XP level 1. HP: 19/19 MP: 1/1
   160 | D:1      | Reached XP level 2. HP: 26/26 MP: 2/2
   317 | D:1      | Reached XP level 3. HP: 32/33 MP: 3/3
  1337 | D:2      | Reached XP level 4. HP: 40/40 MP: 4/4
  1376 | D:3      | Found Belua's Jewellery Emporium.
  1400 | D:3      | Reached skill level 1 in Armour
  1507 | D:3      | Reached skill level 5 in Unarmed Combat
  1595 | D:3      | Found a shimmering blue altar of Sif Muna.
  1831 | D:3      | Reached XP level 5. HP: 46/46 MP: 5/5
  2478 | D:4      | Identified the +6 whip "Feyppet" {drain, Fly rC+++}
  2512 | D:4      | Reached skill level 1 in Evocations
  2512 | D:4      | Reached XP level 6. HP: 49/52 MP: 6/6
  3111 | D:5      | Entered Level 5 of the Dungeon
  3121 | D:5      | Found a staircase to the Ecumenical Temple.
  3132 | Temple   | Entered the Ecumenical Temple
  3299 | D:5      | Noticed an ice beast
  3311 | D:5      | Killed an ice beast
  3312 | D:5      | Reached skill level 1 in Maces & Flails
  3312 | D:5      | Reached XP level 7. HP: 60/60 MP: 7/7
  3637 | D:5      | Reached skill level 1 in Dodging
  3645 | D:5      | Reached XP level 8. HP: 60/67 MP: 8/8
  3682 | D:5      | Reached skill level 5 in Fighting
  4118 | D:5      | Reached skill level 1 in Throwing
  4509 | D:6      | Found a runed translucent door.
  4510 | D:6      | Noticed Crazy Yiuf
  4542 | D:6      | Noticed Grinder
  4547 | D:6      | Paralysed by Grinder for 5 turns
  4564 | D:6      | Killed Grinder
  4674 | D:6      | Noticed Menkaure
  4681 | D:6      | Killed Menkaure
  4682 | D:6      | Reached skill level 5 in Maces & Flails
  4935 | D:6      | Paralysed by Crazy Yiuf for 2 turns
  4941 | D:6      | Killed Crazy Yiuf
  5046 | D:6      | Reached XP level 9. HP: 59/75 MP: 9/9
  5154 | D:7      | Found an opulent altar of Gozag.
  5183 | D:7      | Reached skill level 5 in Armour
  5556 | D:7      | Found a hide-covered altar of Uskayaw.
  5737 | D:7      | HP: 3/78 [wight/+3 dire flail of freezing (5)]
  6169 | D:7      | Reached skill level 1 in Stealth
  7470 | D:8      | Reached XP level 10. HP: 54/86 MP: 10/10
  8503 | D:9      | Noticed a two-headed ogre
  8511 | D:9      | Slain by a two-headed ogre

Illustrated notes

Levels and vault maps discovered:
D:1:      wander_arrival_desolate, layout_basic, chequers_mini_garden,
          grunt_decor_arrowhead
D:2:      layout_loops_cross
D:3:      layout_basic, nicolae_sif_muna_condensation, serial_shops,
          nicolae_shop_stone
D:4:      layout_gridville, nicolae_wormholes
D:5:      layout_basic, mainiacjoe_overflow_alcove_4,
          minmay_temple_entry_sparse_star, nicolae_half_adder
D:6:      layout_rooms, uniq_crazy_yiuf_cottage, uniq_grinder, uniq_menkaure
D:7:      layout_basic, mainiacjoe_overflow_small_starburst,
          eat_drink_and_be_merry_uskayaw, grunt_ministairs_10,
          minmay_misc_feat_four_crosses
D:8:      layout_basic
D:9:      layout_big_octagon, david_lair_shrubbed, centaur_isle
Temple:   nicolae_temple_two_arcs

Skill      XL: |  1  2  3  4  5  6  7  8  9 10 |
---------------+-------------------------------+-----
Unarmed Combat | 4 5 6 |  6.3
Armour         | 1 2 3 4 6 |  6.4
Fighting       | 4 5 7 |  7.4
Evocations     | 1 2 |  2.0
Maces & Flails | 1 3 5 7 |  7.5
Dodging        | 1 |  1.2
Throwing       | 1 2 |  2.5
Stealth        | 1 |  1.0
Spellcasting   | |  1.0
Fire Magic     | |  2.6

Action                     |  1- 3 |  4- 6 |  7- 9 | 10-12 || total
---------------------------+-------+-------+-------+-------++-------
  Melee: Unarmed           |   125 |    90 |       |       ||   215
         Punch             |     2 |     4 |    11 |       ||    17
         Whip              |       |    44 |   254 |       ||   298
         Dire flail        |       |       |   123 |    39 ||   162
  Throw: Stone             |       |     5 |    14 |       ||    19
         Boomerang         |       |       |     2 |     4 ||     6
 Invoke: Foxfire Swarm     |       |       |       |     1 ||     1
    Use: Potion            |       |       |       |     1 ||     1
 Armour: Ring mail         |    46 |       |       |       ||    46
         Chain mail        |    11 |    26 |       |       ||    37
         Plate armour      |       |    26 |   298 |    50 ||   374
  Dodge: Dodged            |    64 |    39 |   126 |    20 ||   249
